 Dungeon Crawl Stone Soup version 0.27-a0-34-gc18c9092ac (webtiles) character file.

Game seed: 4939293653146332451

67 Alarkh the Insei (level 4, -3/33 HPs)
             Began as a Demonspawn Transmuter on Oct 30, 2020.
             Slain by Natasha (4 damage)
             ... on level 2 of the Dungeon on Jan 4, 2021.
             The game lasted 00:02:38 (1148 turns).

Alarkh the Insei (Demonspawn Transmuter)            Turns: 1148, Time: 00:02:39

Health: -3/33      AC:  2    Str: 10    XL:     4   Next: 0%
Magic:  7/7        EV: 12    Int: 15    God:
Gold:   46         SH:  0    Dex: 14    Spells: 6/7 levels left

rFire    . . .     SeeInvis .     - Unarmed
rCold    . . .     Faith    .   (no shield)
rNeg     + . .     Spirit   .   a - +0 robe
rPois    .         Reflect  .   (no helmet)
rElec    .         Harm     .   (no cloak)
rCorr    .         Rampage  .   (no gloves)
Will     .....                  (no boots)
Stlth    +.........             j - amulet of regeneration
HPRegen  0.51/turn              d - ring of positive energy
MPRegen  0.10/turn              (no ring)

@: slowed, very slow
A: claws 1, talons 1
a: no special abilities


You were on level 2 of the Dungeon.
You visited 1 branch of the dungeon, and saw 2 of its levels.

You collected 46 gold pieces.

Inventory:

Armour
 a - a +0 robe (worn)
Jewellery
 d - a ring of positive energy (left claw)
 j - an amulet of regeneration (around neck)
Scrolls
 b - a scroll of blinking {unknown}
 c - a scroll of magic mapping {unknown}
 e - a scroll of remove curse {unknown}
 f - a scroll of fog {unknown}
 h - a scroll of enchant weapon {unknown}
 k - a scroll of teleportation {unknown}
Potions
 i - a potion of heal wounds {unknown}


   Skills:
 + Level 2.2 Fighting
 - Level 1.7 Dodging
 * Level 4.0 Unarmed Combat
 - Level 2.0 Spellcasting
 - Level 1.7 Transmutations


You had 6 spell levels left.
You knew the following spells:

 Your Spells              Type           Power        Failure   Level
a - Beastly Appendage     Tmut           12%          11%         1

Your spell library contained the following spells:

 Spells                   Type           Power        Failure   Level
 Wereblood                Tmut           6%           16%         2
 Spider Form              Tmut/Pois      2%           43%         3
 Ice Form                 Ice/Tmut       4%           83%         4
 Blade Hands              Tmut           3%           96%         5


Dungeon Overview and Level Annotations

Branches:
Dungeon (2/15)

Altars:

Annotations:
D:2 Natasha


Innate Abilities, Weirdness & Mutations

You have sharp fingernails.
You have sharp toenails.


Message History

Natasha is lightly wounded.
Natasha stares at you and mumbles some strange words.
The magic dart hits you! Natasha claws you!
* * * LOW HITPOINT WARNING * * *
You are too injured to fight recklessly!
You are too injured to fight recklessly!
You barely miss Natasha. Your headbutt misses Natasha.
Natasha is lightly wounded.
Natasha wildly gestures.
Natasha shimmers violently.
Natasha barely misses you.
You claw Natasha! Your headbutt misses Natasha.
Natasha is severely wounded.
Natasha claws you!
* * * LOW HITPOINT WARNING * * *
You closely miss Natasha.
Natasha is severely wounded.
Your horns disappear.
Natasha claws you.
You die...

..............#
....[.........#
............$.
............#
...........#
...........#
#....#(.#.#
.(.......#.#
###.....h@<#
......###..#
#..... #..#
#....# #..#
...#. #..#
..##. #..# ....
##..


You could see Natasha.

Vanquished Creatures
  Natasha (D:2)
  A worm (D:1)
  3 dart slugs (D:1)
  A leopard gecko (D:1)
  3 giant cockroaches (D:1)
  A goblin (D:1)
  5 hobgoblins (D:1)
  4 jackals (D:1)
  3 bats (D:1)
  3 frilled lizards (D:1)
  4 kobolds (D:1)
  2 rats (D:1)
31 creatures vanquished.

Notes
Turn   | Place    | Note
-------+----------+-------------------------------------------
     0 | D:1      | Alarkh the Demonspawn Transmuter began the quest for the
                  | Orb.
     0 | D:1      | Reached XP level 1. HP: 15/15 MP: 3/3
   313 | D:1      | Reached skill level 3 in Unarmed Combat
   472 | D:1      | Gained mutation: You have sharp fingernails. [demonic
                  | ancestry]
   472 | D:1      | Reached XP level 2. HP: 17/21 MP: 5/5
   690 | D:1      | Reached XP level 3. HP: 22/27 MP: 6/6
   691 | D:1      | Upgraded the game from 0.26-a0-651-gb41185065b to
                  | 0.27-a0-34-gc18c9092ac
  1002 | D:2      | Noticed Natasha
  1097 | D:2      | Killed Natasha
  1098 | D:2      | Reached skill level 4 in Unarmed Combat
  1098 | D:2      | Gained mutation: You have sharp toenails. [demonic
                  | ancestry]
  1098 | D:2      | Reached XP level 4. HP: 5/33 MP: 7/7
  1118 | D:2      | Noticed Natasha
  1147 | D:2      | HP: 1/33 [Natasha (8)]
  1148 | D:2      | Slain by Natasha

Illustrated notes

Levels and vault maps discovered:
D:1:      minmay_arrival_shattered_statue, layout_basic
D:2:      layout_rooms, grunt_temple_overflow_open, uniq_natasha

Skill      XL: |  1  2  3 |
---------------+----------+-----
Unarmed Combat | 3 4 |  4.0
Fighting       | 2 |  2.2
Dodging        | |  1.7
Spellcasting   | |  2.0
Transmutations | |  1.7

Action                   |  1- 3 |  4- 6 || total
-------------------------+-------+-------++-------
Melee: Unarmed           |   121 |     7 ||   128
       Kick              |     4 |     1 ||     5
       Headbutt          |     1 |       ||     1
       Punch             |     2 |       ||     2
 Cast: Beastly Appendage |     1 |     1 ||     2
  Use: Potion            |     1 |       ||     1
Armor: Robe              |    24 |       ||    24
Dodge: Dodged            |    62 |     3 ||    65

Table legend: (Time is in decaauts)
 A = Elapsed time spent in this place.
 B = Non-inter-level travel time spent in this place.
 C = Inter-level travel time spent in this place.
 D = Time resting spent in this place.
 E = Time spent auto-exploring this place.
 F = Levels seen in this place.
 G = Mean time per level.
                   A        B        C        D        E       F      G
               +--------+--------+--------+--------+--------+-----+--------+
         Total |   1176 |   1165 |     11 |    432 |    464 |   2 |  588.0 |
       Dungeon |   1176 |   1165 |     11 |    432 |    464 |   2 |  588.0 |
               +--------+--------+--------+--------+--------+-----+--------+

Top non-repeatable levels by time:
     D:1: 1094 daAuts
     D:2: 82 daAuts
